 Dungeon Crawl Stone Soup version 0.30-a0-578-gdee14c521f (webtiles) character file.

Game seed: 17880594379895931882

1402 Newt the Changer (level 8, -3/48 HPs)
             Began as a Demonspawn Gladiator on Dec 31, 2022.
             Was a Believer of Hepliaklqana.
             Slain by Duvessa
             ... wielding a +2 rapier of venom
              (16 damage)
             ... on level 7 of the Dungeon.
             The game lasted 00:11:07 (7192 turns).

Newt the Changer (Demonspawn Gladiator)             Turns: 7192, Time: 00:11:08

Health: -3/48      AC: 12    Str: 18    XL:     8   Next: 42%
Magic:  21/21      EV: 12    Int:  7    God:    Hepliaklqana [**....]
Gold:   896        SH:  0    Dex: 14    Spells: 11/13 levels left

rFire   . . .      SeeInvis .    a - +0 rapier
rCold   . . .      Faith    .    (no shield)
rNeg    . . .      Spirit   .    j - +5 ring mail of the Nightingale {+Inv MP+9}
rPois   .          Reflect  .    (helmet restricted)
rElec   .          Harm     .    y - scarf {repulsion}
rCorr   .          Rampage  .    p - +0 pair of gloves
Will    .....                    w - +0 pair of boots
Stlth   +                        (no amulet)
HPRegen 0.28/turn                (no ring)
MPRegen 0.17/turn                (no ring)

@: lethally poisoned (-3 -> -27), repel missiles
A: reduced essence, weakness stinger 2, horns 1, talons 1, dopey 1, frail 1
a: Renounce Religion, Evoke Invisibility, Recall Ancestor, Ancestor Identity


You were on level 7 of the Dungeon.
You worshipped Hepliaklqana.
Hepliaklqana was pleased with you.
You visited 2 branches of the dungeon, and saw 8 of its levels.
You also visited: Sewer.

You collected 896 gold pieces.

Inventory:

Hand Weapons
 a - a +0 rapier (weapon)
Missiles
 d - 2 throwing nets (quivered)
 g - a javelin
 k - 25 poisoned darts
 t - 9 boomerangs
Armour
 b - a +0 leather armour
 c - a +1 helmet
 j - the +5 ring mail of the Nightingale (worn) {+Inv MP+9}
   (You found it on level 2 of the Dungeon)

   MP:        It affects your magic capacity (+9).
   +Inv:      It lets you turn invisible.
 p - a +0 pair of gloves (worn)
 w - a +0 pair of boots (worn)
 y - a scarf of repulsion (worn)
Jewellery
 m - a ring of wizardry
Wands
 D - a wand of polymorph (8)
Scrolls
 e - a scroll of butterflies
 i - 3 scrolls of teleportation
 u - a scroll of enchant weapon
 x - a scroll of amnesia {unknown}
 z - a scroll of blinking {unknown}
 B - a scroll of magic mapping
Potions
 f - 2 potions of curing
 h - 2 potions of brilliance
 l - a potion of ambrosia
 n - a potion of degeneration {unknown}
 o - 2 potions of attraction
 q - a potion of haste
 s - 3 potions of magic {unknown}
 v - 2 potions of invisibility {unknown}
 A - a potion of might {unknown}
 C - a potion of lignification {unknown}
 E - a potion of heal wounds {unknown}
Miscellaneous
 r - a box of beasts


   Skills:
 - Level 4.0 Fighting
 - Level 4.0 Short Blades
 - Level 1.7 Throwing
 - Level 3.0 Armour
 - Level 4.0 Dodging
 - Level 2.0 Stealth
 - Level 3.0 Spellcasting
 + Level 4.4 Transmutations
 - Level 4.0 Evocations


You had 11 spell levels left.
You knew the following spells:

 Your Spells              Type           Power      Damage    Failure   Level
a - Wereblood             Tmut           7%         N/A       16%         2

Your spell library contained the following spells:

 Spells                   Type           Power      Damage    Failure   Level
 Beastly Appendage        Tmut           14%        N/A       10%         1
 Apportation              Tloc           2%         N/A       52%         1
 Spider Form              Tmut/Pois      4%         N/A       58%         3
 Petrify                  Tmut/Erth      4%         N/A       94%         4
 Alistair's Intoxication  Tmut/Pois      2%         N/A       100%        5
 Metabolic Englaciation   Hex/Ice        0%         N/A       100%        5
 Statue Form              Tmut/Erth      2%         N/A       100%        6


Dungeon Overview and Level Annotations

Branches:
Dungeon (7/15)             Temple (1/1) D:4           Sewer (visited)

Altars:
Ashenzari
Cheibriados
Dithmenos
Fedhas
Hepliaklqana
Kikubaaqudgha
Makhleb
Nemelex Xobeh
Okawaru
Qazlal
Ru
Trog
Uskayaw
Vehumet
Wu Jian
Xom
Yredelemnul

Annotations:
D:7 Duvessa


Innate Abilities, Weirdness & Mutations

Your life essence is reduced to manifest your ancestor. (-10% HP)
You have a tail ending in a sharp stinger.
You have a pair of small horns on your head.
You have sharp toenails.
You are dopey. (Int -2)
You are frail. (-10% HP)


Message History

Duvessa, Sister of Dowan comes into view.
She is wielding a +2 rapier of venom and wearing a +3 leather armour of fire resistance.
Dowan points at you and mumbles some strange words.
You resist with some effort.
You barely miss Duvessa.
Your tail-slap misses Duvessa.
Duvessa hits you but does no damage.
You are poisoned.
Dowan casts a spell at you. The puff of flame hits you!
You closely miss Duvessa. You tail-slap Duvessa!
Duvessa is moderately wounded.
You feel sick.
Nenetl barely misses Duvessa.
Duvessa closely misses you.
You hit Dowan.
Dowan is lightly wounded.
You feel sick.
Duvessa says, "Where magic fails, the sword succeeds!"
Duvessa closely misses you.
Nenetl points at Dowan and mumbles some strange words.
The stone arrow hits Dowan!
Dowan casts a spell at Nenetl.
The puff of frost hits Nenetl.
Nenetl resists.
You hit Dowan but do no damage.
Dowan is severely wounded.
You feel sick. Duvessa barely misses you.
Nenetl hits Dowan with a +0 quarterstaff!
Dowan dies!
Duvessa screams in rage.
Duvessa goes berserk!
You hit Duvessa but do no damage.
Duvessa is moderately wounded.
You feel sick. Duvessa barely misses you.
Nenetl hits Duvessa but does no damage.
You hit Duvessa. You tail-slap Duvessa.
Duvessa is moderately wounded.
You feel sick.
Duvessa hits you with a +2 rapier of venom!
* * * LOW HITPOINT WARNING * * *
You are lethally poisoned!
Duvessa hits you with a +2 rapier of venom!
You die...

###########
#.........##
#)@.....#..###
#≈..eR.###......######
#.#.#.#.####..........
≈. #.#.#.# ###...#####
≈ # #.#.# ###....##
#.#.# ####... #.#.#
###. #.#.# ##


You could see the friendly Nenetl the battlemage and Duvessa (berserk, ally
target).

Vanquished Creatures
  Eustachio (D:4)
  Menkaure (D:6)
  An ice beast (D:5)
  2 bullfrogs
  2 scorpions
  A howler monkey (D:5)
  A jelly (D:4)
  A hound (D:3)
  3 orc wizards
  An iguana (D:4)
  12 adders
  A river rat (D:3)
  3 dart slugs
  2 worms
  11 orcs
  7 bats
  21 endoplasms
  15 giant cockroaches
  7 goblins
  9 hobgoblins
  5 jackals (D:1)
  8 kobolds
  14 quokkas
  13 ball pythons
  8 frilled lizards
  4 rats
154 creatures vanquished.

Vanquished Creatures (collateral kills)
  A kobold brigand (D:6)
  A bullfrog (Sewer)
  A scorpion (D:5)
  Dowan (D:7)
  A hound (D:6)
  3 orc wizards (D:6)
  2 orcs
  A kobold (D:6)
  A quokka (Sewer)
12 creatures vanquished.

Grand Total: 166 creatures vanquished

Notes
Turn   | Place    | Note
-------+----------+-------------------------------------------
     0 | D:1      | Newt the Demonspawn Gladiator began the quest for the Orb.
     0 | D:1      | Reached XP level 1. HP: 16/16 MP: 1/1
    74 | D:1      | Reached skill level 1 in Stealth
    97 | D:1      | Gained mutation: You have a small tail. [demonic ancestry]
    97 | D:1      | Reached XP level 2. HP: 22/22 MP: 2/2
   699 | D:1      | Reached XP level 3. HP: 28/28 MP: 3/3
  1422 | D:2      | Identified the +5 ring mail of the Nightingale {+Inv MP+9}
  1533 | D:2      | Gained mutation: You have a tail ending in a sharp stinger.
                  | [demonic ancestry]
  1533 | D:2      | Reached XP level 4. HP: 37/37 MP: 4/4
  2087 | D:3      | Reached XP level 5. HP: 36/42 MP: 5/5
  2327 | D:3      | Found a glowing drain.
  2334 | Sewer    | Entered a sewer
  2813 | Sewer    | Reached skill level 1 in Armour
  2813 | Sewer    | Reached XP level 6. HP: 32/48 MP: 6/6
  4250 | D:4      | Reached skill level 1 in Spellcasting
  4270 | D:4      | Found a staircase to the Ecumenical Temple.
  4359 | D:4      | Noticed Eustachio
  4373 | Temple   | Entered the Ecumenical Temple
  4469 | Temple   | Became a worshipper of Hepliaklqana the Forgotten
  4506 | D:4      | Killed Eustachio
  4507 | D:4      | Reached XP level 7. HP: 42/54 MP: 11/11
  5160 | D:5      | Entered Level 5 of the Dungeon
  5174 | D:5      | Reached skill level 1 in Evocations
  5275 | D:5      | Found an iron altar of Okawaru.
  5397 | D:5      | Reached * piety under Hepliaklqana
  5503 | D:5      | Found a stormy altar of Qazlal.
  6148 | D:6      | Reached skill level 1 in Transmutations
  6148 | D:6      | Reached XP level 8. HP: 30/54 MP: 12/12
  6156 | D:6      | Learned a level 2 spell: Wereblood
  6253 | D:6      | Identified the +1 short sword of the Neverending Souls
                  | {vamp, Fragile rElec rF+}
  6301 | D:6      | Noticed Menkaure
  6308 | D:6      | Killed Menkaure
  6604 | D:6      | Gained mutation: You passively dampen the noise of your
                  | surroundings. [potion of mutation]
  6604 | D:6      | Gained mutation: You are frail. (-10% HP) [potion of
                  | mutation]
  6604 | D:6      | Gained mutation: You are dopey. (Int -2) [potion of
                  | mutation]
  6604 | D:6      | Gained mutation: Your flesh is cold resistant. (rC+)
                  | [potion of mutation]
  6605 | D:6      | Lost mutation: Your flesh is cold resistant. (rC+) [potion
                  | of mutation]
  6605 | D:6      | Lost mutation: You passively dampen the noise of your
                  | surroundings. [potion of mutation]
  6605 | D:6      | Gained mutation: You have a pair of small horns on your
                  | head. [potion of mutation]
  6605 | D:6      | Gained mutation: Armour fits poorly on your strangely
                  | shaped body. [potion of mutation]
  6605 | D:6      | Gained mutation: You have large cloven feet. [potion of
                  | mutation]
  6606 | D:6      | Lost mutation: Armour fits poorly on your strangely shaped
                  | body. [potion of mutation]
  6606 | D:6      | Lost mutation: You have large cloven feet. [potion of
                  | mutation]
  6606 | D:6      | Gained mutation: You have sharp toenails. [potion of
                  | mutation]
  7069 | D:7      | Identified a scroll of acquirement
  7069 | D:7      | Acquired 527 gold pieces
  7074 | D:7      | Reached ** piety under Hepliaklqana
  7075 | D:7      | Remembered your ancestor Nenetl as a battlemage
  7181 | D:7      | Noticed Dowan
  7184 | D:7      | Noticed Duvessa
  7190 | D:7      | Killed Dowan
  7192 | D:7      | Slain by Duvessa

Illustrated notes

Levels and vault maps discovered:
D:1:      matt_arrival_diagonals, layout_loops_corners, minmay_close_crescents
D:2:      layout_rooms
D:3:      layout_basic, mainiacjoe_overflow_brackets, gup_sewer_entry_bubbles,
          nicolae_elevator_lobby_plus
D:4:      layout_basic, minmay_temple_entry_junction, nrook_campfire,
          saegor_snake_ambush, uniq_eustachio
D:5:      layout_loops_ring, okawaru_trees_1, lemuel_tele_altar,
          minmay_misc_feat_five, mrwooster_statue_mirror, kennysheep_nub
D:6:      layout_gridville, uniq_menkaure
D:7:      minmay_the_grid_triangle_9x9_rhombus_thin
          [minmay_the_grid_triangle_9x9_thin_v,
          minmay_the_grid_triangle_9x9_prize_special,
          minmay_the_grid_triangle_9x9_tough_junction,
          minmay_the_grid_triangle_9x9_checkered], layout_basic,
          mainiacjoe_overflow_boulevard, chequers_serial_rivers_marsh,
          dk_vineyard_2, uniq_duvessa
Temple:   lightli_temple_of_artemis

Skill      XL: |  1  2  3  4  5  6  7  8 |
---------------+-------------------------+-----
Stealth        | 1 2 |  2.0
Fighting       | 3 4 |  4.0
Short Blades   | 3 4 |  4.0
Dodging        | 4 |  4.0
Armour         | 1 3 |  3.0
Spellcasting   | 2 3 |  3.0
Evocations     | 4 |  4.0
Transmutations | 1 4 |  4.4
Throwing       | |  1.7

Action                   |  1- 3 |  4- 6 |  7- 9 || total
-------------------------+-------+-------+-------++-------
Melee: Rapier            |   109 |   461 |   189 ||   759
       Tailslap          |    12 |    41 |    24 ||    77
       Punch             |       |     4 |     4 ||     8
       Headbutt          |       |       |     1 ||     1
Throw: Javelin           |     2 |     1 |     1 ||     4
       Throwing net      |     2 |       |       ||     2
       Dart              |       |     8 |       ||     8
 Cast: Wereblood         |       |       |     1 ||     1
Invok: Ancestor Life: Ba |       |       |     1 ||     1
Evoke: Box of beasts     |       |     1 |       ||     1
  Use: Scroll            |     4 |     4 |     5 ||    13
       Potion            |       |     1 |     3 ||     4
 Stab: Sleeping          |     2 |     3 |       ||     5
       Distracted        |       |     1 |       ||     1
Armor: Leather armour    |    30 |       |       ||    30
       Ring mail         |     3 |   220 |   104 ||   327
Dodge: Dodged            |    65 |   298 |    73 ||   436
       Repelled          |       |       |     1 ||     1

Table legend: (Time is in decaauts)
 A = Elapsed time spent in this place.
 B = Non-inter-level travel time spent in this place.
 C = Inter-level travel time spent in this place.
 D = Time resting spent in this place.
 E = Time spent auto-exploring this place.
 F = Levels seen in this place.
 G = Mean time per level.
                   A        B        C        D        E       F      G
               +--------+--------+--------+--------+--------+-----+--------+
         Total |   7311 |   7118 |    193 |   1176 |   4201 |   9 |  812.3 |
       Dungeon |   6581 |   6405 |    176 |   1028 |   4053 |   7 |  940.1 |
        Temple |    113 |     96 |     17 |      0 |     81 |   1 |  113.0 |
         Sewer |    616 |    616 |      0 |    148 |     67 |   1 |  616.0 |
               +--------+--------+--------+--------+--------+-----+--------+

Top non-repeatable levels by time:
     D:4: 1591 daAuts
     D:1: 1216 daAuts
     D:3: 1062 daAuts
     D:6: 993 daAuts
     D:5: 913 daAuts
     D:2: 680 daAuts
   Sewer: 616 daAuts
     D:7: 123 daAuts
  Temple: 113 daAuts
